 Dungeon Crawl Stone Soup version 0.29-a0-520-gc852659d43 (webtiles) character file.

Game seed: 211040843818505555

2 hyrumbeck the Skirmisher (level 1, 0/18 HPs)
             Began as a Demonspawn Abyssal Knight on May 31, 2022.
             Was a Believer of Lugonu.
             Constricted to death by a ball python (1 damage)
             ... on level 1 of the Dungeon.
             The game lasted 00:04:13 (61 turns).

hyrumbeck the Skirmisher (Demonspawn Abyssal Knight)  Turns: 61, Time: 00:04:14

Health: 0/18       AC:  3    Str: 13    XL:     1   Next: 25%
Magic:  2/2        EV:  8    Int: 11    God:    Lugonu [**....]
Gold:   0          SH:  0    Dex: 13    Spells: 0/0 levels left

rFire   . . .      SeeInvis .   a - +1 mace
rCold   . . .      Faith    .   (no shield)
rNeg    . . .      Spirit   .   b - +0 leather armour
rPois   .          Reflect  .   (no helmet)
rElec   .          Harm     .   (no cloak)
rCorr   .          Rampage  .   (no gloves)
Will    .....                   (no boots)
Stlth   +.........              (no amulet)
HPRegen 0.06/turn               (no ring)
MPRegen 0.08/turn               (no ring)

@: constricted
A: no striking features
a: Renounce Religion, Depart the Abyss, Bend Space


You were on level 1 of the Dungeon.
You worshipped Lugonu.
Lugonu was pleased with you.
You visited 1 branch of the dungeon, and saw 1 of its levels.
You visited the Abyss 1 time.

Inventory:

Hand Weapons
 a - a +1 mace (weapon)
Armour
 b - a +0 leather armour (worn)
Potions
 c - a potion of curing {unknown}


   Skills:
 + Level 3.0 Fighting
 + Level 1.9 Maces & Flails
 + Level 1.7 Armour
 + Level 0.8 Dodging
 + Level 2.4 Invocations


You couldn't memorise any spells.
You didn't know any spells.
Your spell library was empty.

Dungeon Overview and Level Annotations

Branches:
Dungeon (1/15)

Altars:


Message History

Lugonu accepts your kill. The frilled lizard closely misses you.
The ball python barely misses you. The ball python grabs you.
The ball python constricts you.
The ball python's grasp on you weakens, but your attempt to escape fails.
The frilled lizard bites you but does no damage.
The ball python bites you but does no damage.
The ball python constricts you.
You escape the ball python's grasp.
The frilled lizard bites you but does no damage.
The ball python bites you. The ball python grabs you.
The ball python constricts you.
You escape the ball python's grasp.
The rat bites you but does no damage. The frilled lizard closely misses you.
You open the door. The rat bites you but does no damage.
The frilled lizard closely misses you. The goblin attacks as you move away!
The goblin hits you with a +0 club. The ball python barely misses you.
The ball python grabs you. The ball python constricts you.
The ball python barely misses you. The ball python constricts you.
There is an open door here.
You hit the goblin.
You kill the goblin!
Lugonu accepts your kill. The rat barely misses you.
The ball python barely misses you. The ball python constricts you.
The rat bites you.
* * * LOW HITPOINT WARNING * * *
You closely miss the frilled lizard. The ball python closely misses you.
The ball python constricts you. The rat barely misses you.
The frilled lizard closely misses you.
The ball python bites you but does no damage.
The ball python constricts you.
You miss the frilled lizard. The rat bites you but does no damage.
The frilled lizard bites you but does no damage.
The ball python bites you.
* * * LOW HITPOINT WARNING * * *
The ball python constricts you.
* * * LOW HITPOINT WARNING * * *
You hit the frilled lizard but do no damage.
The ball python closely misses you. The ball python constricts you.
You die...

####'####
##8.8##
###'###
#.....#
#.....#
+..<..+
#†.>..#
#?Slr.#
###@###
#...#
#######
#.......#
#.........#
#.....#...#
##.......##
#########


You could see a ball python, a frilled lizard and a rat.

Vanquished Creatures
  A goblin (D:1)
  A bat (D:1)
2 creatures vanquished.

Notes
Turn   | Place    | Note
-------+----------+-------------------------------------------
     0 | Abyss:1  | hyrumbeck the Demonspawn Abyssal Knight began the quest for
                  | the Orb.
     0 | Abyss:1  | Reached XP level 1. HP: 18/18 MP: 2/2
     8 | Abyss:1  | Found a sparkling altar of Nemelex Xobeh.
    19 | D:1      | Escaped the Abyss
    61 | D:1      | Constricted to death by a ball python

Illustrated notes

Levels and vault maps discovered:
D:1:      shiori_arrival_elements, layout_loops_ring, basic_ecumenical_altar,
          chequers_serial_rivers_micro_c

Action                   || total
-------------------------++-------
Melee: Mace              ||     7
Invok: Depart the Abyss  ||     1
Armor: Leather armour    ||    13
Dodge: Dodged            ||    23

Table legend: (Time is in decaauts)
 A = Elapsed time spent in this place.
 B = Non-inter-level travel time spent in this place.
 C = Inter-level travel time spent in this place.
 D = Time resting spent in this place.
 E = Time spent auto-exploring this place.
 F = Levels seen in this place.
 G = Mean time per level.
                   A        B        C        D        E       F      G
               +--------+--------+--------+--------+--------+-----+--------+
         Total |     62 |     49 |     13 |      0 |      0 |   2 |   31.0 |
       Dungeon |     43 |     30 |     13 |      0 |      0 |   1 |   43.0 |
         Abyss |     19 |     19 |      0 |      0 |      0 |   1 |   19.0 |
               +--------+--------+--------+--------+--------+-----+--------+

Top non-repeatable levels by time:
     D:1: 43 daAuts
 Abyss:1: 19 daAuts
